Map: Beckett Industries LE

Players

TheZergLord

  • Race: Zerg Zerg

SpeCial - Winner!

  • Race: Terran Terran
  • League: Master

Event: DreamHack SC2 Masters 2021 Summer

VOD

Have the link to the VOD?

Description

Time

  • Played on: May 19, 2021, 3:09 p.m.
  • Length: 6:59

All games in this series

Show
View Real Time Build Order
Export as new Build Order

TheZergLord Zerg 

Build Orders: Hatch First 

Get SALT Encoding   

  12  0:00  Drone  
  13  0:12  Overlord  
  13  0:17  Drone  
  14  0:31  Drone x2  
  16  0:48  Hatchery  
  15  0:51  Drone  
  15  0:55  Drone  
  17  0:58  Drone  
  18  1:08  Extractor  
  17  1:14  Spawning Pool  
  17  1:17  Drone  
  17  1:20  Drone  
  18  1:28  Drone  
  19  1:38  Drone  
  20  1:49  Drone  
  21  2:00  Queen  
  21  2:01  Queen, Zergling x4  
  27  2:12  Overlord  
  27  2:15  Drone  
  28  2:17  Roach Warren  
  27  2:29  Drone  
  28  2:31  Drone  
  28  2:32  Drone  
  28  2:33  Drone  
  30  2:51  Overlord x2  
  29  2:58  Roach  
  29  2:59  Roach  
  32  3:09  Roach  
  32  3:11  Roach x2  
  40  3:13  Roach x3  
  42  3:25  Ravager  
  43  3:28  Roach x2  
  46  3:36  Ravager  
  47  3:44  Overlord  
  47  3:45  Drone x2  
  47  3:46  Drone x2  
  51  4:03  Overlord  
  51  4:06  Drone x3  
  54  4:10  Drone  
  54  4:14  Hatchery  
  54  4:19  Drone x4  
  49  4:38  Drone x3  
  49  4:39  Drone  
  49  4:42  Queen, Lair  
  49  4:43  Extractor  
  49  4:44  Extractor  
  50  4:52  Roach x4  
  51  5:02  Roach  
  53  5:10  Overlord x3  
  39  5:49  Roach  
  45  5:50  Roach x7  
  45  5:51  Roach x2  
  55  6:00  Roach x2  
  55  6:01  Roach x2  
  59  6:15  Roach x2  
  59  6:16  Roach x3  
  67  6:20  Queen  
  67  6:32  Roach  
  69  6:38  Roach  
Show
View Real Time Build Order
Export as new Build Order

SpeCial Terran - Winner!

Build Orders:  

Get SALT Encoding   

  12  0:00  SCV  
  13  0:12  SCV  
  14  0:18  Supply Depot  
  14  0:24  SCV  
  15  0:40  SCV  
  15  0:42  Barracks  
  16  0:44  Refinery  
  16  0:52  SCV  
  17  1:00  Barracks  
  17  1:04  SCV  
  18  1:16  SCV  
  19  1:29  Reaper, Orbital Command  
  20  1:36  Refinery  
  20  1:48  Supply Depot  
  20  1:49  Reaper  
  21  1:55  SCV  
  22  2:03  Reaper  
  23  2:10  SCV  
  24  2:21  Command Center  
  24  2:26  SCV  
  25  2:34  Factory  
  25  2:37  Reaper  
  25  2:43  SCV  
  27  2:45  Reaper  
  27  2:49  Supply Depot  
  28  2:55  SCV  
  29  3:07  SCV  
  29  3:09  Reaper  
  31  3:19  SCV  
  32  3:23  Marine  
  32  3:25  Starport  
  32  3:26  Factory Tech Lab  
  33  3:31  SCV  
  34  3:34  Orbital Command  
  34  3:41  Marine  
  35  3:43  SCV, Marine  
  35  3:45  Cyclone  
  40  3:55  SCV  
  40  3:59  Supply Depot  
  40  4:00  Marine  
  40  4:01  SCV, Marine  
  44  4:06  Medivac  
  44  4:07  SCV  
  47  4:13  SCV  
  47  4:18  Marine  
  47  4:19  Marine  
  47  4:20  SCV, Cyclone  
  53  4:25  SCV  
  49  4:42  Supply Depot  
  49  4:43  Supply Depot  
  49  4:58  Barracks Reactor, Barracks Tech Lab  
  49  5:04  SCV x2, Liberator  
  49  5:05  Supply Depot  
  54  5:07  Barracks, Supply Depot  
  54  5:11  Siege Tank  
  57  5:16  SCV x2, Supply Depot  
  57  5:19  Marine  
  59  5:28  SCV x2  
  55  5:35  Marine  
  55  5:36  Marine  
  55  5:37  Marine  
  55  5:40  SCV x2  
  58  5:46  Supply Depot  
  58  5:49  Starport Reactor  
  58  5:52  SCV x2  
  58  5:53  Marine  
  58  5:56  Engineering Bay  
  61  5:59  Refinery x2  
  61  6:00  Marine  
  61  6:01  Marine, Supply Depot  
  63  6:04  SCV  
  63  6:05  SCV  
  65  6:11  Marine  
  65  6:14  Siege Tank  
  65  6:17  SCV x2, Command Center  
  65  6:21  Barracks  
  65  6:24  Barracks  
  65  6:27  Barracks Reactor  
  65  6:28  Marine x2  
  65  6:29  SCV x2, Marine  
  70  6:33  Supply Depot  
  74  6:46  SCV  
Tags
 
Add a new tag
Caveats
  • Supply blocks, unpowered buildings, or Contaminate may cause inaccurate times.
  • Supply counts are checked every 10 seconds.